 Dungeon Crawl Stone Soup version 0.20.1-1-g8b1a95d (webtiles) character file.

1984 equalderp2856 the Chopper (level 9, 0/66 HPs)
             Began as a Mummy Fighter on Oct 28, 2017.
             Slain by a hornet zombie (9 damage)
             ... on level 6 of the Dungeon.
             The game lasted 00:11:59 (8501 turns).

equalderp2856 the Chopper (Mummy Fighter)           Turns: 8501, Time: 00:12:01

Health: 0/66       AC:  9    Str: 20    XL:     9   Next: 1%
Magic:  17/17      EV:  5    Int: 10    God:
Gold:   252        SH:  9    Dex: 11    Spells: 19/19 levels left

rFire    x . .     SeeInvis .   a - +0 war axe
rCold    + . .     Gourm    .   c - +0 shield
rNeg     + + +     Faith    .   n - +0 chain mail
rPois    ∞         Spirit   .   (no helmet)
rElec    .         Reflect  .   (no cloak)
rCorr    .         Harm     .   (no gloves)
MR       +....                  (no boots)
Stlth    ..........             (no amulet)
Regen    0.3/turn               (no ring)
MPRegen  0.2/turn               (no ring)

@: no status effects
A: no food or potions, fire vulnerability, cold resistance 1, negative energy
resistance 3, torment resistance, unbreathing
a: no special abilities


You were on level 6 of the Dungeon.
You were not hungry.

You visited 1 branch of the dungeon, and saw 6 of its levels.

You collected 252 gold pieces.

Inventory:

Hand Weapons
 a - a +0 war axe (weapon)
 t - a +0 spear of venom
Armour
 b - a +0 scale mail
 c - a +0 shield (worn)
 n - a +0 chain mail (worn)
Jewellery
 d - a +3 ring of dexterity {unknown}
 h - a +3 ring of evasion {unknown}
 o - a cursed -2 ring of evasion {unknown}
 v - an uncursed ring of fire {unknown}
Wands
 p - a wand of polymorph (23/24)
 u - a wand of acid (8/15)
 w - a wand of flame (23/48)
Scrolls
 e - 7 scrolls of teleportation {unknown}
 f - 3 scrolls of amnesia {unknown}
 g - a scroll of noise {unknown}
 i - 3 scrolls of enchant armour {unknown}
 j - 4 scrolls of blinking {unknown}
 l - 3 scrolls of remove curse {unknown}
 m - 5 scrolls of identify {unknown}
 q - 2 scrolls of fog {unknown}
 r - a scroll of fear {unknown}
Books
 k - a book of Changes

   Spells                             Type                      Level
   a - Beastly Appendage              Transmutation                1
   b - Sticks to Snakes               Transmutation                2
   c - Spider Form                    Transmutation/Poison         3
   d - Ice Form                       Ice/Transmutation            4
   e - Blade Hands                    Transmutation                5
 s - a book of Changes

   Spells                             Type                      Level
   a - Beastly Appendage              Transmutation                1
   b - Sticks to Snakes               Transmutation                2
   c - Spider Form                    Transmutation/Poison         3
   d - Ice Form                       Ice/Transmutation            4
   e - Blade Hands                    Transmutation                5


   Skills:
 + Level 4.7 Fighting
 * Level 6.8 Axes
 + Level 4.1 Armour
 + Level 1.0 Dodging
 + Level 0.8 Stealth
 + Level 4.1 Shields
 * Level 5.8 Spellcasting


You had 19 spell levels left.
You didn't know any spells.

Dungeon Overview and Level Annotations

Branches:
Dungeon (6/15)
 Temple: D:4-7

Altars:
Cheibriados
Gozag
Okawaru
Ru
Vehumet
Xom
Zin

Annotations:
D:5 Edmund


Innate Abilities, Weirdness & Mutations

You do not eat or drink.
Your flesh is vulnerable to fire.
You are immune to poison.
Your flesh is cold resistant. (rC+)
You are immune to negative energy. (rN+++)
You are immune to unholy pain and torment.
You can survive without breathing.


Message History

You are too injured to fight recklessly!
You hit the scorpion.
The scorpion is moderately wounded.
You hit the hornet zombie. The hornet zombie hits you!
* * * LOW HITPOINT WARNING * * *
You block the scorpion's attack.
Unknown command.
You hit the hornet zombie.
The hornet zombie is moderately damaged.
You closely miss the scorpion.
The hornet zombie hits you but does no damage.
The scorpion stings you.
* * * LOW HITPOINT WARNING * * *
You hit the hornet zombie.
The hornet zombie is moderately damaged.
Your chain mail prevents you from hitting the scorpion.
The hornet zombie hits you.
* * * LOW HITPOINT WARNING * * *
You block the scorpion's attack. The hornet zombie hits you!
You die...

##.# #.## #########
#.># ##.......# ##.#
#........##
#.###.........####
##....%...........##.
##..###...............
##..##
#.........######
##..## ##......@.#
##.## #.....sZ.# #.##
#........# .##
#........# .#
##......## .# #......#
## ########....# #
###.#.#.#######
###(#≈(≈≈≈≈##


You could see a scorpion and a hornet zombie.

Vanquished Creatures
  The ghost of Frank the Skirmisher, a novice OpFi (D:4)
  The ghost of 0x5F3759DF the Grave Robber, an amateur DENe (D:3)
  An ice beast (D:4)
  2 ogres
  A centaur (D:5)
  A gnoll sergeant (D:3)
  A howler monkey (D:5)
  A hound (D:5)
  A jelly (D:4)
  An orc priest (D:5)
  A bullfrog skeleton (D:6)
  3 gnoll shamans
  Jessica (D:2)
  2 iguanas
  3 orc wizards
  7 worker ants
  37 gnolls
  14 adders
  2 worms
  A dart slug (D:1)
  A leopard gecko (D:4)
  14 orcs
  5 bats
  4 giant cockroaches
  10 goblins
  7 hobgoblins
  29 jackals
  11 kobolds
  4 quokkas
  2 ball pythons
  A frilled lizard (D:3)
  A jackal zombie (D:6)
  11 rats
182 creatures vanquished.

Notes
Turn   | Place    | Note
-------+----------+-------------------------------------------
     0 | D:1      | equalderp2856 the Mummy Fighter began the quest for the Orb.
     0 | D:1      | Reached XP level 1. HP: 18/18 MP: 1/1
   277 | D:1      | Reached XP level 2. HP: 24/24 MP: 2/2
  1013 | D:1      | Reached XP level 3. HP: 29/29 MP: 3/3
  1020 | D:2      | Noticed Jessica
  1025 | D:2      | Killed Jessica
  1025 | D:2      | Reached skill level 2 in Axes
  1059 | D:1      | Reached skill level 1 in Spellcasting
  1059 | D:1      | Reached XP level 4. HP: 12/35 MP: 5/5
  1588 | D:2      | Found a sacrificial altar of Ru.
  2153 | D:3      | Reached XP level 5. HP: 41/41 MP: 7/7
  2260 | D:3      | Reached skill level 3 in Axes
  2319 | D:3      | Noticed 0x5F3759DF's ghost (amateur DENe)
  3028 | D:4      | Reached XP level 6. HP: 37/47 MP: 9/9
  3251 | D:4      | Noticed Frank's ghost (novice OpFi)
  3422 | D:3      | Killed 0x5F3759DF's ghost
  3526 | D:4      | Killed Frank's ghost
  3526 | D:4      | Reached skill level 4 in Axes
  3526 | D:4      | Reached XP level 7. HP: 21/53 MP: 10/12
  4480 | D:3      | Reached skill level 5 in Axes
  5870 | D:3      | Reached XP level 8. HP: 26/60 MP: 14/14
  6079 | D:3      | Found a radiant altar of Vehumet.
  6255 | D:3      | Found a snail-covered altar of Cheibriados.
  6255 | D:3      | Found a shadowy altar of Dithmenos.
  6257 | D:3      | Found a shimmering altar of Xom.
  6257 | D:3      | Found a glowing silver altar of Zin.
  6257 | D:3      | Found an opulent altar of Gozag.
  7049 | D:4      | Reached skill level 5 in Spellcasting
  7303 | D:5      | Entered Level 5 of the Dungeon
  7312 | D:4      | Reached skill level 6 in Axes
  7463 | D:5      | Reached skill level 1 in Dodging
  8085 | D:5      | Noticed Edmund
  8352 | D:6      | Found an iron altar of Okawaru.
  8439 | D:6      | Reached XP level 9. HP: 62/66 MP: 17/17
  8501 | D:6      | Slain by a hornet zombie

Skill      XL: |  1  2  3  4  5  6  7  8 |
---------------+-------------------------+-----
Axes           | 2 3 4 5 6 |  6.8
Spellcasting   | 1 2 3 4 5 |  5.8
Shields        | 3 4 |  4.1
Armour         | 3 4 |  4.1
Fighting       | 4 |  4.7
Dodging        | 1 |  1.0
Stealth        | |  0.8

Action                   |  1- 3 |  4- 6 |  7- 9 || total
-------------------------+-------+-------+-------++-------
Melee: War axe           |    75 |   238 |   484 ||   797
Armor: Scale mail        |    46 |    31 |       ||    77
       Chain mail        |       |   103 |   237 ||   340
Dodge: Dodged            |    29 |    67 |   124 ||   220
Block: Shield            |    46 |   127 |   264 ||   437
